 Dungeon Crawl Stone Soup version 0.31-a0-1227-g0136665373 (webtiles) character file.

Game seed: 4994145628227805440

175 ragingrage the Stinger (level 5, -2/61 HPs)
             Began as a Human Wanderer on Dec 15, 2023.
             Killed by psychic fangs
             ... invoked by a brain worm
              (14 damage)
             ... in a sewer.
             The game lasted 00:03:46 (2921 turns).

ragingrage the Stinger (Human Wanderer)             Turns: 2921, Time: 00:03:46

Health: -2/61      AC: 26    Str: 14    XL:     5   Next: 86%
Magic:  1/7        EV:  2    Int: 14    God:
Gold:   57         SH:  0    Dex: 11    Spells: 5/6 levels left

rFire   . . .        (no weapon)
rCold   . . .        (no shield)
rNeg    . . .        d - melded +0 leather armour
rPois   +            (helmet currently unavailable)
rElec   .            (cloak currently unavailable)
rCorr   .            (gloves currently unavailable)
SInv    .            (boots currently unavailable)
Will    .....        (no amulet)
Stlth   +            h - +4 ring of protection
HPRegen 0.30/turn    (no ring)
MPRegen 0.10/turn

%: no passive effects
@: mighty, brilliant, tree-form, hasted, slow
A: stationary, stasis, torment immunity, boosted hp
a: no special abilities


You were in a sewer.
You were a tree.
You visited 1 branch of the dungeon, and saw 3 of its levels.
You also visited: Sewer.

You collected 57 gold pieces.

Inventory:

Hand Weapons
 a - a +2 short sword of protection
 b - a +0 shortbow
Missiles
 i - 9 poisoned darts
Armour
 d - a +0 leather armour (melded)
Jewellery
 h - a +4 ring of protection (left branch)
 k - a ring of ice
 q - a ring of ice
Wands
 e - a wand of charming (13)
 o - a wand of roots (11)
Scrolls
 f - a scroll of vulnerability {unknown}
 g - a scroll of teleportation
 m - 3 scrolls of identify {unknown}
 n - 2 scrolls of fog
 p - a scroll of enchant weapon {unknown}
 r - a scroll of revelation {unknown}
 u - a scroll of blinking {unknown}
Potions
 l - a potion of might
 s - a potion of haste
 t - a potion of heal wounds {unknown}
 v - a potion of resistance {unknown}
 w - a potion of invisibility {unknown}
 x - a potion of brilliance


   Skills:
 - Level 3.0 Fighting
 + Level 1.6 Short Blades
 + Level 1.4 Spellcasting
 + Level 2.4 Transmutations
 + Level 4.2 Poison Magic
 - Level 4.0 Evocations


You had 5 spell levels left.
You knew the following spells:

 Your Spells              Type           Power      Damage    Failure   Level
a - Sting                 Tmut/Pois      60%        1d6       6%          1

Your spell library contained the following spells:

 Spells                   Type           Power      Damage    Failure   Level
 Ignite Poison            Fire/Tmut/Pois 10%        N/A       30%         3


Dungeon Overview and Level Annotations

Branches:
Dungeon (3/15)              Sewer (1/1)

Altars:
Trog

Shops:
D:3 (

Annotations:
D:3 1 exclusion


Message History

The brain worm's bulging head throbs.
Something gnaws heavily on your mind!
You feel your power leaking away. The frilled lizard bites you.
Really quaff the potion of lignification?
You turn into a tree.
Your +0 leather armour melds into your body.
Your roots penetrate the ground.
The frilled lizard bites you but does no damage.
Your +2 short sword of protection goes still.
You are now empty-handed.
The brain worm's throbbing head pulsates.
Something gnaws heavily on your mind!
* * * LOW HITPOINT WARNING * * *
You miss the frilled lizard.
The frilled lizard bites you but does no damage.
The brain worm's bulging head throbs.
Something gnaws heavily on your mind!
* * * LOW HITPOINT WARNING * * *
It was a potion of haste.
You feel yourself speed up.
The frilled lizard bites you but does no damage.
Unknown command.
It was a potion of might.
You feel very mighty all of a sudden. The frilled lizard barely misses you.
Unknown command.
It was a potion of brilliance.
You feel clever all of a sudden.
The frilled lizard bites you but does no damage.
It was a potion of curing.
You feel better.
Your magical contamination has completely faded away.
You smack the frilled lizard!
You kill the frilled lizard!
You barely miss the brain worm.
The brain worm bites you but does no damage.
You smack the brain worm!
You hit the brain worm.
The brain worm's throbbing head pulsates.
Something gnaws heavily on your mind!
You die...

######### ~..~.~.∩#
.....l~)# ### ##w# #~####
##♣## ##~#~###~##
##~#~~~## ##~#~## ##~#~##
#~###~## ##~###~# ##~~#~#
################.########


You could see a brain worm (poisoned).

Vanquished Creatures
  A brain worm (Sewer)
  2 adders (Sewer)
  2 river rats
  2 dart slugs
  An orc (D:3)
  10 ball pythons
  3 endoplasms (D:1)
  3 giant cockroaches
  6 hobgoblins
  A quokka (D:3)
  5 bats
  5 frilled lizards
  13 goblins
  5 kobolds
  15 rats
74 creatures vanquished.

Notes
Turn   | Place    | Note
-------+----------+-------------------------------------------
     0 | D:1      | ragingrage the Human Wanderer began the quest for the Orb.
     0 | D:1      | ragingrage set off with the following items: a +0 club, a
                  | scroll of fog, a potion of lignification, a +0 leather
                  | armour, a wand of charming (13); and the following spell
                  | memorised: Sting; and the following spells available to
                  | memorise: Ignite Poison.
     0 | D:1      | Reached XP level 1. HP: 18/18 MP: 2/2
   253 | D:1      | Reached skill level 1 in Poison Magic
   329 | D:1      | Reached XP level 2. HP: 20/24 MP: 0/3
   689 | D:1      | Reached XP level 3. HP: 19/29 MP: 2/4
  1604 | D:2      | Found a bloodstained altar of Trog.
  1816 | D:2      | Reached XP level 4. HP: 34/35 MP: 0/5
  2362 | D:3      | Found Imno's Weapon Shoppe.
  2514 | D:3      | Found a glowing drain.
  2520 | Sewer    | Entered a sewer
  2626 | Sewer    | Reached skill level 1 in Short Blades
  2626 | Sewer    | Reached XP level 5. HP: 41/41 MP: 2/6
  2725 | Sewer    | Noticed a brain worm
  2741 | Sewer    | Killed a brain worm
  2904 | Sewer    | Noticed a brain worm
  2913 | Sewer    | HP: 1/61 [brain worm/psychic fangs (10)]
  2921 | Sewer    | Killed from afar by a brain worm

Illustrated notes

Levels and vault maps discovered:
D:1:      beargit_arrival_diablo_church, layout_basic,
          nicolae_twisty_statue_hallways
D:2:      layout_basic, serial_corexii_hall, corexii_hall_statues_s,
          chequers_hall_statues_y, chequers_hall_statues_wall_a,
          chequers_hall_statues_wall_a, corexii_hall_statues_x,
          chequers_hall_statues_wall_a, basic_altar, minmay_goblin_outpost
D:3:      layout_loops_cross, portal_sewer_entry_e, serial_shops, shop,
          small_statue_intersection
Sewer:    sewer_co_cracked_pipes

Skill      XL: |  1  2  3  4 |
---------------+-------------+-----
Poison Magic   | 1 2 3 4 |  4.2
Short Blades   | 1 |  1.6
Fighting       | |  3.0
Spellcasting   | |  1.4
Transmutations | |  2.4
Evocations     | |  4.0

Action                     |  1- 3 |  4- 6 || total
---------------------------+-------+-------++-------
  Melee: Club              |    11 |       ||    11
         Dagger            |    26 |       ||    26
         Short sword       |    38 |    67 ||   105
         Unarmed           |       |     5 ||     5
   Cast: Sting             |    43 |    30 ||    73
    Use: Scroll            |       |     1 ||     1
         Potion            |       |     5 ||     5
 Armour: Leather armour    |    49 |    45 ||    94
         Skin              |       |     5 ||     5
  Dodge: Dodged            |    59 |    41 ||   100

Table legend: (Time is in decaauts)
 A = Elapsed time spent in this place.
 B = Non-inter-level travel time spent in this place.
 C = Inter-level travel time spent in this place.
 D = Time resting spent in this place.
 E = Time spent auto-exploring this place.
 F = Levels seen in this place.
 G = Mean time per level.
                   A        B        C        D        E       F      G
               +--------+--------+--------+--------+--------+-----+--------+
         Total |   2955 |   2847 |    108 |    414 |   1711 |   4 |  738.8 |
       Dungeon |   2523 |   2415 |    108 |    317 |   1461 |   3 |  841.0 |
         Sewer |    432 |    432 |      0 |     97 |    250 |   1 |  432.0 |
               +--------+--------+--------+--------+--------+-----+--------+

Top non-repeatable levels by time:
     D:1: 1102 daAuts
     D:2: 1011 daAuts
   Sewer: 432 daAuts
     D:3: 409 daAuts
